 Dungeon Crawl Stone Soup version 0.29-a0-824-gd827844252 (webtiles) character file.

Game seed: 7736178423467391896

126 indigestion the Sneak (level 5, -1/31 HPs)
             Began as an Octopode Fire Elementalist on July 10, 2022.
             Slain by an orc priest
             ... wielding a +0 whip
              (2 damage)
             ... on level 3 of the Dungeon.
             The game lasted 00:07:13 (2040 turns).

indigestion the Sneak (Octopode Fire Elementalist)  Turns: 2040, Time: 00:07:14

Health: -1/31      AC:  1    Str:  7    XL:     5   Next: 10%
Magic:  8/9        EV: 13    Int: 20    God:
Gold:   160        SH:  0    Dex: 12    Spells: 3/9 levels left

rFire   . . .      SeeInvis .   e - +0 whip (venom)
rCold   . . .      Faith    .   (no shield)
rNeg    + . .      Spirit   .   (helmet restricted)
rPois   .          Reflect  .   (no amulet)
rElec   .          Harm     .   i - ring of positive energy
rCorr   .          Rampage  .   (no ring)
Will    .....                   (no ring)
Stlth   +++.......              (no ring)
HPRegen 0.10/turn               (no ring)
MPRegen 0.11/turn               (no ring)
                                (no ring)
                                (no ring)

@: no status effects
A: almost no armour, amphibious, 8 rings, camouflage 1, gelatinous body 1,
(nimble swimmer 1), tentacles
a: no special abilities


You were on level 3 of the Dungeon.
You visited 1 branch of the dungeon, and saw 3 of its levels.

You collected 160 gold pieces.

Inventory:

Hand Weapons
 e - a +0 whip of venom (weapon)
 o - a +0 vorpal falchion
Missiles
 m - 6 silver javelins
Jewellery
 i - a ring of positive energy (left tentacle)
Wands
 l - a wand of digging (3)
Scrolls
 b - a scroll of amnesia {unknown}
 g - a scroll of teleportation {unknown}
 h - 4 scrolls of identify {unknown}
 j - a scroll of vulnerability {unknown}
 k - a scroll of torment {unknown}
 n - a scroll of noise {unknown}
 p - a scroll of blinking {unknown}
 q - 2 scrolls of magic mapping {unknown}
Potions
 a - a potion of magic
 c - a potion of flight {unknown}
 d - a potion of might {unknown}
 f - a potion of degeneration {unknown}


   Skills:
 + Level 2.8 Dodging
 + Level 4.0 Stealth
 + Level 2.7 Spellcasting
 + Level 2.2 Conjurations
 + Level 3.6 Fire Magic


You had 3 spell levels left.
You knew the following spells:

 Your Spells              Type           Power      Damage    Failure   Level
a - Foxfire               Conj/Fire      56%        2x1d6     4%          1
b - Scorch                Fire           34%        2d6       4%          2
c - Inner Flame           Hex/Fire       9%         N/A       22%         3

Your spell library contained the following spells:

 Spells                   Type           Power      Damage    Failure   Level
 Conjure Flame            Conj/Fire      14%        6-21      13%         3
 Flame Wave               Conj/Fire      14%        2d6       41%         4


Dungeon Overview and Level Annotations

Branches:
Dungeon (3/15)

Altars:

Shops:
D:3 [

Annotations:
D:2 1 runed translucent door, Crazy Yiuf


Innate Abilities, Weirdness & Mutations

You cannot wear most types of armour.
You are amphibious.
You can wear up to eight rings at the same time.
Your skin changes colour to match your surroundings (Stealth+).
Your rubbery body absorbs attacks. (AC +1, EV +1)
((You are camouflaged when in or above water. (Stealth+)))
You have tentacles for arms and can constrict up to eight enemies at once.


Message History

You open the door.
An orc priest and 2 orcs come into view.
Casting: Foxfire (safe; 4% risk of failure)
Confirm with . or Enter, or press ? or * to list all spells.
You conjure some foxfire!
Your foxfire dissipates! 2 orcs come into view.
The orc shouts!
The orc priest shouts!
The orc shouts!
The orc barely misses you. The orc misses you.
The orc shouts!
There is an open door here.
You hit the orc but do no damage. Your grab misses the orc.
The orc hits you with a +0 dagger. The orc misses you.
You closely miss the orc. You grab the orc. You squeeze the orc.
The orc is almost dead.
You constrict the orc, but do no damage.
The orc closely misses you.
The orc priest begins to cast a cantrip, but forgets the words!
The orc hits you with a +0 hand axe.
You hit the orc.
You kill the orc!
The orc misses you.
Your Stealth skill increases to level 4!
You barely miss the orc priest. Your grab misses the orc priest.
Your squeeze misses the orc priest. The orc priest hits you with a +0 whip.
The orc closely misses you.
The orc priest mumbles some strange prayers to Beogh against you.
Beogh smites you!
* * * LOW HITPOINT WARNING * * *
You hit the orc priest.
The orc priest is poisoned.
Your grab misses the orc priest.
The orc priest is lightly wounded.
The orc priest barely misses you. The orc hits you with a +0 hand axe!
* * * LOW HITPOINT WARNING * * *
You hit the orc priest.
The orc priest looks as sick as possible!
Your grab misses the orc priest.
The orc priest is severely wounded.
The orc priest hits you with a +0 whip.
You die...

.....)..#...........+
#######....#######.##
#.∩.#.........'
###....#######.##
#...#...# #.##
#.....#.## #.##
#.....#..#####.##
#..#####...........##.##
#.....o@.....).....##.##
##.###o#....)).....##.#
#o#...........##.#
#o#...........##.#
#.#...........##.#
#.######.†....##.# #.
####'####.# #. ####..#
#.# #.....###.#


You could see an orc priest (extremely poisoned) and 3 orcs.

Vanquished Creatures
  3 gnolls (D:3)
  2 adders (D:2)
  2 worms (D:2)
  2 dart slugs
  4 orcs (D:3)
  8 bats
  5 endoplasms
  3 giant cockroaches
  5 goblins
  10 hobgoblins
  2 jackals (D:2)
  A kobold (D:1)
  2 quokkas
  7 ball pythons
  2 frilled lizards (D:1)
  2 rats
60 creatures vanquished.

Vanquished Creatures (others)
  80 foxfires
80 creatures vanquished.

Grand Total: 140 creatures vanquished

Notes
Turn   | Place    | Note
-------+----------+-------------------------------------------
     0 | D:1      | indigestion the Octopode Fire Elementalist began the quest
                  | for the Orb.
     0 | D:1      | Reached XP level 1. HP: 11/11 MP: 3/3
   173 | D:1      | Reached XP level 2. HP: 17/17 MP: 0/5
   176 | D:1      | Reached skill level 3 in Stealth
   480 | D:1      | Found a faded altar of an unknown god.
   488 | D:1      | Reached XP level 3. HP: 21/21 MP: 6/6
   844 | D:1      | Learned a level 2 spell: Scorch
   848 | D:1      | Learned a level 3 spell: Inner Flame
  1155 | D:2      | Found a runed translucent door.
  1156 | D:2      | Noticed Crazy Yiuf
  1226 | D:2      | Reached XP level 4. HP: 27/27 MP: 7/7
  1882 | D:3      | Found Vuqaylucs's Antique Armour Boutique.
  1934 | D:3      | Reached XP level 5. HP: 21/31 MP: 0/9
  2038 | D:3      | Reached skill level 4 in Stealth
  2039 | D:3      | HP: 1/31 [orc/+0 hand axe (7)]
  2040 | D:3      | Slain by an orc priest

Illustrated notes

Levels and vault maps discovered:
D:1:      dpeg_arrival_tiny_i, layout_rooms,
          shapermc_ecumenical_altar_mp_highgroup, minmay_quantized
D:2:      layout_rooms, uniq_crazy_yiuf_cottage
D:3:      layout_basic, minitemple, serial_shops, nicolae_shop_stone,
          uniq_grinder, uniq_sigmund

Skill      XL: |  1  2  3  4  5 |
---------------+----------------+-----
Stealth        | 3 4 |  4.0
Conjurations   | 2 |  2.2
Dodging        | |  2.8
Spellcasting   | |  2.7
Fire Magic     | |  3.6

Action                   |  1- 3 |  4- 6 || total
-------------------------+-------+-------++-------
Melee: Tentacles         |    10 |     8 ||    18
       Mace              |     6 |       ||     6
       Unarmed           |     1 |       ||     1
       Whip              |    33 |    34 ||    67
       Constrict         |    14 |     9 ||    23
 Cast: Foxfire           |    27 |    18 ||    45
       Scorch            |     1 |     3 ||     4
 Stab: Sleeping          |     6 |     7 ||    13
Armor: Skin              |     5 |       ||     5
Dodge: Dodged            |    25 |    20 ||    45

Table legend: (Time is in decaauts)
 A = Elapsed time spent in this place.
 B = Non-inter-level travel time spent in this place.
 C = Inter-level travel time spent in this place.
 D = Time resting spent in this place.
 E = Time spent auto-exploring this place.
 F = Levels seen in this place.
 G = Mean time per level.
                   A        B        C        D        E       F      G
               +--------+--------+--------+--------+--------+-----+--------+
         Total |   2048 |   1969 |     79 |    548 |    983 |   3 |  682.7 |
       Dungeon |   2048 |   1969 |     79 |    548 |    983 |   3 |  682.7 |
               +--------+--------+--------+--------+--------+-----+--------+

Top non-repeatable levels by time:
     D:1: 840 daAuts
     D:2: 733 daAuts
     D:3: 473 daAuts
